 Dungeon Crawl Stone Soup version 0.31-a0-965-g8a8ce12e04 (webtiles) character file.

Game seed: 14228198525974410033

1378 lunkers the Martial Artist (level 9, 0/71 HPs)
             Began as a Meteoran Shapeshifter on Oct 26, 2023.
             Slain by an orc
             ... wielding a +0 whip of flaming
              (3 damage)
             ... on level 6 of the Dungeon.
             The game lasted 00:07:33 (2289 turns).

lunkers the Martial Artist (Meteoran Shapeshifter)  Turns: 2289, Time: 00:07:34

Health: 0/71       AC:  5    Str: 23    XL:     9   Next: 18%
Magic:  10/10      EV: 13    Int: 11    God:
Gold:   330        SH:  0    Dex: 18    Spells: 8/8 levels left

rFire   . .          .
                       - Unarmed
rCold   . . .        (no shield)
rNeg    . . .        j - +0 ring mail
rPois   .            (helmet currently unavailable)
rElec   .            (cloak currently unavailable)
rCorr   .            (gloves currently unavailable)
SInv    .            (boots currently unavailable)
Will    +....        (no amulet)
Stlth   +            i - +6 ring of strength
HPRegen 0.31/turn    (no ring)
MPRegen 0.12/turn

%: no passive effects
@: beast-form, glowing
A: beast (slay +3), sense surroundings 2, otherworldly, glowing, explore regen
a: Begin Untransformation


You were on level 6 of the Dungeon.
You were a hulking beast.
You visited 1 branch of the dungeon, and saw 6 of its levels.

You collected 330 gold pieces.

Inventory:

Missiles
 n - a throwing net
Armour
 a - a +0 animal skin
 j - a +0 ring mail (worn)
 o - a +0 kite shield
 t - a +0 helmet
 v - a +0 ring mail of willpower
Jewellery
 i - a +6 ring of strength (left hand)
Talismans
 c - a beast talisman
 d - a flux talisman
Wands
 b - a wand of roots (7)
Scrolls
 e - a scroll of revelation {unknown}
 g - a scroll of immolation {unknown}
 l - a scroll of teleportation {unknown}
 m - 5 scrolls of identify {unknown}
 p - a scroll of vulnerability {unknown}
 q - a scroll of noise {unknown}
 u - a scroll of silence {unknown}
Potions
 f - 4 potions of berserk rage {unknown}
 h - 3 potions of curing {unknown}
 k - a potion of enlightenment {unknown}
 r - 2 potions of magic {unknown}
 s - a potion of degeneration {unknown}


   Skills:
 + Level 4.2 Fighting
 + Level 4.6 Dodging
 * Level 9.4 Unarmed Combat
 + Level 6.6 Shapeshifting


You had 8 spell levels left.
You didn't know any spells.
Your spell library contained the following spells:

 Spells                   Type           Power      Damage    Failure   Level
 Ensorcelled Hibernation  Hex/Ice        0%         N/A       65%         2
 Passwall                 Tmut/Erth      0%         N/A       65%         2
 Swiftness                Air            0%         N/A       86%         3
 Conjure Ball Lightning   Conj/Air       0%         3x3d6     100%        6
 Discord                  Hex            0%         N/A       100%        8
 Disjunction              Tloc           0%         N/A       100%        8


Dungeon Overview and Level Annotations

Branches:
Dungeon (6/15) Zot: 1348
 Temple: D:4-7

Altars:
Trog
The Shining One


Innate Abilities, Weirdness & Mutations

You are a hulking beast.
Your limbs bulge with bestial killing power. (Slay +3)
You passively map the area around you.
You are easily found by Zot.
You glow in the dark.
You regain HP and MP as you explore.


Message History

Items here: )) [[ ††.
Items here: )) [[ ††.
v - a +0 ring mail of willpower The orc shouts!
You see here a +0 mace.
An orc priest and an orc come into view.
The orc priest shouts!
The orc shouts!
An orc comes into view. It is wielding a +0 dagger.
A sky beast comes into view.
The orc shouts!
You hit the steam dragon.
The steam dragon is lightly wounded.
The sky beast flickers out of sight!
Deactivating autopickup; reactivate with Ctrl-A.
The steam dragon bites you!
* * * LOW HITPOINT WARNING * * *
The steam dragon claws you but does no damage.
You punch the steam dragon!
You punch the steam dragon, but do no damage.
The steam dragon is heavily wounded.
The steam dragon breathes steam at you. The ball of steam hits you!
* * * LOW HITPOINT WARNING * * *
You hear a shout!
You barely miss the steam dragon.
The steam dragon is heavily wounded.
You are engulfed in a cloud of scalding steam.
* * * LOW HITPOINT WARNING * * *
The steam dragon bites you.
* * * LOW HITPOINT WARNING * * *
The steam dragon barely misses you.
You punch the steam dragon! Your punch misses the steam dragon.
The steam dragon is almost dead.
You are engulfed in a cloud of scalding steam.
* * * LOW HITPOINT WARNING * * *
The orc barely misses you. The steam dragon closely misses you. x2
You hit the orc priest.
The orc priest is moderately wounded.
The orc hits you with a +0 whip of flaming.
You die...

* * ,*
####.###...#
#..........# , *
, , #.##.###...#
,* * *#.###.##.#
##### , , ,
.........# , * ,
, .........#####
, *
#####.#))#...##
,*
*#.#§#..)....##
** ,
,#..ho..........
,
*#.#o#Do......###
** * *
#.#.#........# ,
,, *#
.o..#.....## * *
, , ,.....##...##
*, , ** * **
....#####.##
,..... * #.# * ,
* #....# #.# ,*
,..o.,,* #. * *


You could see a steam dragon, an orc priest and 3 orcs.

Vanquished Creatures
  Menkaure (D:6)
  An ice beast (D:6)
  A black bear (D:4)
  2 ogres (D:5)
  A phantom (D:6)
  A scorpion (D:5)
  4 wights (D:5)
  A jelly (D:4)
  A hound (D:5)
  3 orc priests
  4 iguanas
  5 orc wizards
  6 gnolls (D:3)
  2 adders (D:4)
  A worm (D:5)
  4 dart slugs
  21 orcs
  8 bats
  5 endoplasms
  4 giant cockroaches
  10 goblins
  11 hobgoblins
  12 jackals
  3 quokkas
  2 ball pythons (D:3)
  5 frilled lizards
  9 kobolds
  5 rats
133 creatures vanquished.

Notes
Turn   | Place    | Note
-------+----------+-------------------------------------------
     0 | D:1      | lunkers the Meteoran Shapeshifter began the quest for the
                  | Orb.
     0 | D:1      | Reached XP level 1. HP: 16/16 MP: 2/2
   119 | D:1      | Reached XP level 2. HP: 18/23 MP: 3/3
   121 | D:1      | Reached skill level 4 in Unarmed Combat
   288 | D:1      | Reached XP level 3. HP: 6/28 MP: 4/4
   531 | D:2      | Reached XP level 4. HP: 21/35 MP: 5/5
   545 | D:2      | Reached skill level 5 in Unarmed Combat
   874 | D:3      | Reached XP level 5. HP: 28/40 MP: 6/6
   900 | D:3      | Reached skill level 6 in Unarmed Combat
   947 | D:3      | Reached XP level 6. HP: 33/47 MP: 7/7
  1239 | D:3      | Found a bloodstained altar of Trog.
  1309 | D:4      | Reached skill level 5 in Shapeshifting
  1414 | D:4      | Noticed a black bear
  1421 | D:4      | Killed a black bear
  1422 | D:4      | Reached skill level 7 in Unarmed Combat
  1422 | D:4      | Reached XP level 7. HP: 46/53 MP: 8/8
  1598 | D:5      | Entered Level 5 of the Dungeon
  1652 | D:5      | Reached XP level 8. HP: 31/62 MP: 9/9
  1653 | D:5      | Reached skill level 8 in Unarmed Combat
  1988 | D:5      | Found a glowing golden altar of the Shining One.
  2232 | D:6      | Reached skill level 9 in Unarmed Combat
  2232 | D:6      | Gained mutation: You passively map the area around you.
                  | [Meteoran growth]
  2232 | D:6      | Reached XP level 9. HP: 42/71 MP: 10/10
  2259 | D:6      | Noticed Menkaure
  2268 | D:6      | Killed Menkaure
  2288 | D:6      | HP: 2/71 [steam dragon] (2)]
  2289 | D:6      | Slain by an orc

Illustrated notes

Levels and vault maps discovered:
D:1:      amcnicky_arrival_flooded_fountain, layout_loops_ring, minmay_unequal
D:2:      layout_rooms, minmay_distorted
D:3:      layout_basic, nicolae_overflow_hidden_temple, nicolae_grassy_gnolls
D:4:      layout_loops_ring, lemuel_coloured_pillars_altar, serial_shops,
          kennysheep_little_box
D:5:      layout_basic, mainiacjoe_overflow_six_doors_small
D:6:      layout_loops_ring, uniq_menkaure, uniq_maggie

Skill      XL: |  1  2  3  4  5  6  7  8  9 |
---------------+----------------------------+-----
Unarmed Combat | 4 5 6 7 9 |  9.4
Shapeshifting  | 4 5 6 |  6.6
Fighting       | 2 3 4 |  4.2
Dodging        | 3 4 |  4.6

Action                     |  1- 3 |  4- 6 |  7- 9 || total
---------------------------+-------+-------+-------++-------
  Melee: Unarmed           |    99 |   128 |   114 ||   341
         Punch             |     5 |     5 |     8 ||    18
  Evoke: Wand              |       |       |     2 ||     2
    Use: Potion            |       |       |     1 ||     1
 Armour: Animal skin       |    56 |    13 |       ||    69
         Ring mail         |       |    59 |    59 ||   118
         Skin              |       |       |    14 ||    14
  Dodge: Dodged            |    72 |    85 |    47 ||   204

Table legend: (Time is in decaauts)
 A = Elapsed time spent in this place.
 B = Non-inter-level travel time spent in this place.
 C = Inter-level travel time spent in this place.
 D = Time resting spent in this place.
 E = Time spent auto-exploring this place.
 F = Levels seen in this place.
 G = Mean time per level.
                   A        B        C        D        E       F      G
               +--------+--------+--------+--------+--------+-----+--------+
         Total |   2251 |   2201 |     50 |     30 |   1393 |   6 |  375.2 |
       Dungeon |   2251 |   2201 |     50 |     30 |   1393 |   6 |  375.2 |
               +--------+--------+--------+--------+--------+-----+--------+

Top non-repeatable levels by time:
     D:5: 571 daAuts
     D:1: 489 daAuts
     D:3: 479 daAuts
     D:2: 306 daAuts
     D:4: 298 daAuts
     D:6: 106 daAuts
